 Dungeon Crawl Stone Soup version 0.23-a0-586-gacb4b3f (webtiles) character file.

3534 Deaus the Magician (level 9, -24/65 HPs)
             Began as a Mummy Fire Elementalist on Dec 19, 2018.
             Was an Initiate of Gozag.
             Killed by the air
             ... invoked by Gastronok
              (44 damage)
             ... on level 8 of the Dungeon on Dec 20, 2018.
             The game lasted 00:25:55 (13093 turns).

Deaus the Magician (Mummy Fire Elementalist)       Turns: 13093, Time: 00:25:55

Health: -24/65     AC:  6    Str: 12    XL:     9   Next: 82%
Magic:  10/20      EV: 33    Int: 20    God:    Gozag
Gold:   1172       SH:  0    Dex: 17    Spells: 9/22 levels left

rFire    x . .     SeeInvis .   p - +3 whip (elec)
rCold    + . .     Gourm    .   (no shield)
rNeg     + + +     Faith    .   s - +0 leather armour
rPois    ∞         Spirit   .   (no helmet)
rElec    .         Reflect  .   f - +0 cloak
rCorr    .         Harm     .   d - +0 pair of gloves
MR       +....                  e - +0 pair of boots
Stlth    +++.......             o - amulet of the acrobat
HPRegen  0.20/turn              q - ring of wizardry
MPRegen  0.17/turn              g - +3 ring of intelligence

@: agile, flying, hasted and slowed
A: no food or potions, fire vulnerability, cold resistance 1, negative energy
resistance 3, torment resistance, unbreathing
a: Potion Petition, Call Merchant, Bribe Branch, Renounce Religion


You were on level 8 of the Dungeon.
You worshipped Gozag.
Gozag was most pleased with you.
You were not hungry.

You visited 2 branches of the dungeon, and saw 9 of its levels.

You collected 1236 gold pieces.
You paid 64 gold pieces to Gozag.

Inventory:

Hand Weapons
 p - a +3 whip of electrocution (weapon)
Armour
 d - a +0 pair of gloves (worn)
 e - a +0 pair of boots (worn)
 f - a +0 cloak (worn)
 s - a +0 leather armour (worn)
Jewellery
 g - a +3 ring of intelligence (right hand)
 j - an uncursed ring of stealth
 m - an uncursed ring of flight
 o - an amulet of the acrobat (around neck)
 q - a ring of wizardry (left hand)
Wands
 i - a wand of random effects (17)
 n - a wand of disintegration (7)
 r - a wand of enslavement (9)
Scrolls
 a - a scroll of fear {unknown}
 b - 2 scrolls of remove curse
 c - a scroll of fog {unknown}
 h - 4 scrolls of teleportation
 k - 5 scrolls of identify
 l - a scroll of amnesia


   Skills:
 * Level 3.9 Fighting
 - Level 3.0 Maces & Flails
 * Level 3.7 Dodging
 - Level 1.5 Stealth
 + Level 7.3 Spellcasting
 * Level 6.1 Conjurations
 * Level 7.0 Fire Magic


You had 9 spell levels left.
You knew the following spells:

 Your Spells              Type           Power        Failure   Level  Hunger
a - Flame Tongue          Conj/Fire      ####.        1%          1    N/A
b - Conjure Flame         Conj/Fire      ####....     1%          3    N/A
c - Fireball              Conj/Fire      ####......   9%          5    N/A
d - Sticky Flame          Conj/Fire      ####....     3%          4    N/A

Your spell library contained the following spells:

 Spells                   Type           Power        Failure   Level  Hunger
 Throw Flame              Conj/Fire      ####..       1%          2    N/A
 Inner Flame              Hex/Fire       ###.....     3%          3    N/A

Dungeon Overview and Level Annotations

Branches:
Dungeon (8/15)             Temple (1/1) D:4
   Lair: D:8-11

Altars:
Ashenzari
Cheibriados
Dithmenos
Elyvilon
Fedhas
Gozag
Hepliaklqana
Kikubaaqudgha
Makhleb
Nemelex Xobeh
Qazlal
Ru
Sif Muna
Trog
Uskayaw
Vehumet
Xom
Yredelemnul
Zin
The Shining One

Annotations:
D:5 1 runed door, mudtoeberg's ghost, novice DDFi
D:7 Harold
D:8 Gastronok


Innate Abilities, Weirdness & Mutations

You do not eat or drink.
Your flesh is vulnerable to fire.
You are immune to poison.
Your flesh is cold resistant. (rC+)
You are immune to negative energy. (rN+++)
You are immune to unholy pain and torment.
You can survive without breathing.


Message History

The bat becomes distracted by the nearby gold, dreaming of imaginary riches.
The quokka barely misses you. Gastronok bites you!!
* * * LOW HITPOINT WARNING * * *
The quokka bites you.
* * * LOW HITPOINT WARNING * * *
[a] - 0 gold - resistance, might and haste [b] - 0 gold - haste, flight, heal wounds and agility [c] - 0 gold - invisibility, agility and might Purchase which effect?
You feel yourself speed up.
You feel very buoyant.
You fly up into the air.
You feel much better.
You feel agile all of a sudden.
Gastronok burns!
The quokka barely misses you.
Gastronok burns!
Gastronok stops burning.
Gastronok waves his eye-stalks in wide circles.
The air twists around and violently strikes you in flight!
Ouch! That really hurt!
You die...
Your body crumbles into a pile of gold.

#......................[#
#....#.♣.♣.#.............#
#.>...............#).....#
#........................#
#...................#....#
#.................<......#
#..........#........##...#
#..........##bb......#...#
#.....$....@rw.......#...#
........#............#...#
.........................#
...................##....#
.>####################...##
. #....## ##....# ##....
#####


You could see Gastronok, a quokka and 2 bats.

Vanquished Creatures
  Pikel (D:6)
  Grinder (D:6)
  Prince Ribbit (D:7)
  3 yaks (D:5)
  Menkaure (D:7)
  An ice beast (D:7)
  A slave (D:6)
  3 ogres
  A big kobold (D:3)
  A gnoll sergeant (D:6)
  2 scorpions (D:7)
  2 howler monkeys (D:4)
  5 crimson imps
  A quasit (D:6)
  2 bullfrog zombies
  3 bullfrog skeletons
  5 hounds
  An orc wizard (D:5)
  An orc priest (D:4)
  Crazy Yiuf (D:6)
  2 gnoll shamans (D:6)
  2 iguanas
  A worker ant (D:4)
  A killer bee zombie (D:7)
  A worker ant zombie (D:7)
  54 gnolls
  6 adders
  A shadow imp (D:6)
  3 oozes
  2 adder skeletons
  2 worms
  A dart slug (D:3)
  5 leopard geckos
  16 orcs
  3 giant cockroaches
  13 goblins
  8 hobgoblins
  14 jackals (D:6)
  15 kobolds
  3 quokkas
  A ball python (D:5)
  15 bats
  5 frilled lizards
  A leopard gecko skeleton (D:7)
  9 rats
221 creatures vanquished.

Notes
Turn   | Place    | Note
-------+----------+-------------------------------------------
     0 | D:1      | Deaus the Mummy Fire Elementalist began the quest for the
                  | Orb.
     0 | D:1      | Reached XP level 1. HP: 13/13 MP: 4/4
   325 | D:1      | Reached XP level 2. HP: 16/19 MP: 0/5
   346 | D:1      | Reached skill level 1 in Conjurations
  1855 | D:2      | Reached XP level 3. HP: 24/24 MP: 5/7
  2797 | D:1      | Learned a level 3 spell: Conjure Flame
  2966 | D:2      | Reached XP level 4. HP: 27/30 MP: 2/8
  4066 | D:3      | Found a shimmering altar of Xom.
  4066 | D:3      | Found a shimmering altar of Xom.
  4066 | D:3      | Found a shimmering altar of Xom.
  4068 | D:3      | Found a shimmering altar of Xom.
  4069 | D:3      | Found a shimmering altar of Xom.
  4231 | D:3      | Found a faded altar of an unknown god.
  4431 | D:3      | Reached XP level 5. HP: 34/35 MP: 4/10
  5470 | D:4      | Found a staircase to the Ecumenical Temple.
  5485 | Temple   | Entered the Ecumenical Temple
  5632 | Temple   | Became a worshipper of Gozag Ym Sagoz the Greedy
  5662 | D:4      | Reached XP level 6. HP: 41/41 MP: 3/12
  6677 | D:5      | Entered Level 5 of the Dungeon
  6716 | D:4      | Reached XP level 7. HP: 39/47 MP: 13/13
  6941 | D:5      | Noticed a yak
  6941 | D:5      | Noticed a yak
  6941 | D:5      | Noticed a yak
  6950 | D:5      | Learned a level 5 spell: Fireball
  7373 | D:5      | Found a hazy altar of Hepliaklqana.
  7558 | D:5      | Found a runed door.
  7561 | D:5      | Noticed mudtoeberg's ghost (novice DDFi)
  7595 | D:5      | Reached skill level 1 in Fighting
  7736 | D:5      | Reached skill level 5 in Fire Magic
  8046 | D:5      | Killed a yak
  8046 | D:5      | Reached skill level 5 in Spellcasting
  8054 | D:5      | Killed a yak
  8080 | D:5      | Killed a yak
  8080 | D:5      | Reached skill level 1 in Maces & Flails
  8080 | D:5      | Reached XP level 8. HP: 11/56 MP: 0/16
  8496 | D:5      | Found a shadowy altar of Dithmenos.
  8496 | D:5      | Found a bloodstained altar of Trog.
  8678 | D:6      | Found a runed door.
  9172 | D:6      | Noticed Crazy Yiuf
  9176 | D:6      | Killed Crazy Yiuf
  9218 | D:6      | Got a bloodstained mace
  9219 | D:6      | Identified the +1 mace "Oradwej" {speed, +Rage} (You found
                  | it on level 6 of the Dungeon)
  9304 | D:6      | Noticed Grinder
  9313 | D:6      | Killed Grinder
  9453 | D:6      | Found a sacrificial altar of Ru.
  9788 | D:6      | Reached skill level 5 in Conjurations
 10118 | D:6      | Reached XP level 9. HP: 63/63 MP: 10/18
 11141 | D:6      | Noticed Pikel
 11152 | D:6      | Killed Pikel
 11570 | D:7      | Noticed Menkaure
 11575 | D:7      | Killed Menkaure
 11826 | D:7      | Noticed Prince Ribbit
 11835 | D:7      | Killed Prince Ribbit
 12207 | D:7      | Noticed Harold
 12986 | D:7      | Learned a level 4 spell: Sticky Flame
 13029 | D:8      | Noticed Gastronok
 13091 | D:8      | HP: 3/65 [Gastronok (18)]
 13091 | D:8      | HP: 1/65 [quokka[Gastronok] (2)]
 13093 | D:8      | Killed from afar by Gastronok

Vault maps used:
D:1:      dpeg_arrival_snail, minivault_24
D:2:      solitary_fountain
D:3:      cheibrodos_thug_alley, xom_redecorated,
          chequers_ecumenical_altar_twisty, first_ration
D:4:      cheibrodos_pilgrimage, minmay_temple_entry_slanted, minivault_24
D:5:      gammafunk_temple_overflow_elements, hellmonk_ghost_happy_afterlife,
          basic_altar, hangedman_decor_clover_reticule
D:6:      lemuel_castle_with_subvaults, nicolae_overflow_hidden_temple,
          uniq_pikel, uniq_grinder, uniq_crazy_yiuf_cottage
D:7:      serial_glass, glass_columns_c, glass_columns_a, glass_columns_a,
          glass_columns_b, glass_columns_a, glass_columns_a, glass_columns_a,
          glass_columns_b, glass_columns_a, glass_columns_a, glass_columns_c,
          glass_columns_a, glass_columns_a, glass_columns_a, uniq_menkaure,
          uniq_prince_ribbit1, uniq_harold
D:8:      kennysheep_six_static_rooms, lemuel_coloured_pillars_altar,
          okawaru_trees_1, serial_shops, kennysheep_mini, uniq_gastronok
Temple:   eino_temple_scatter_basement

Skill      XL: |  1  2  3  4  5  6  7  8  9 |
---------------+----------------------------+-----
Conjurations   | 1 2 3 4 5 6 |  6.1
Fire Magic     | 3 4 5 6 7 |  7.0
Spellcasting   | 3 4 5 6 7 |  7.3
Fighting       | 2 3 |  3.9
Dodging        | 2 3 |  3.7
Maces & Flails | 1 2 3 |  3.0
Stealth        | |  1.5

Action                   |  1- 3 |  4- 6 |  7- 9 || total
-------------------------+-------+-------+-------++-------
Melee: Whip              |    18 |    22 |    49 ||    89
 Cast: Flame Tongue      |    98 |   153 |   335 ||   586
       Conjure Flame     |       |     3 |     7 ||    10
       Sticky Flame      |       |       |     3 ||     3
Invok: Potion Petition   |       |       |     1 ||     1
  Use: Scroll            |       |     9 |     3 ||    12
Armor: Robe              |    17 |    19 |       ||    36
       Leather armour    |       |     5 |    50 ||    55
Dodge: Dodged            |    60 |    58 |   145 ||   263

Table legend:
 A = Non-vault XP
 B = Vault XP
 C = Vault XP percentage of total XP
 D = Non-vault monster count
 E = Vault monster count
 F = Vault count percentage of total count
                 A         B        C        D         E       F
            +---------+---------+-------+---------+---------+-------
      Total |    2659 |    2390 |  47.3 |     138 |      82 |  37.3
            +---------+---------+-------+---------+---------+-------
        D:1 |      38 |       0 |   0.0 |      24 |       0 |   0.0
        D:2 |     104 |       0 |   0.0 |      24 |       0 |   0.0
        D:3 |     104 |     114 |  52.3 |      31 |      10 |  24.4
        D:4 |     328 |      53 |  13.9 |      11 |       5 |  31.2
        D:5 |     930 |      14 |   1.5 |      20 |       1 |   4.8
        D:6 |     424 |    1758 |  80.6 |      14 |      64 |  82.1
        D:7 |     447 |     451 |  50.2 |      11 |       2 |  15.4
        D:8 |     284 |       0 |   0.0 |       3 |       0 |   0.0
            +---------+---------+-------+---------+---------+-------
